 Dungeon Crawl Stone Soup version 0.31-a0-152-g6aa68a64a1 (webtiles) character file.

Game seed: 5743889142081806606

76 Elmgren the Shooter (level 4, 0/28 HPs)
             Began as a Gargoyle Hunter on June 9, 2023.
             Slain by an orc
             ... wielding a +0 mace
              (6 damage)
             ... on level 2 of the Dungeon.
             The game lasted 00:04:20 (1862 turns).

Elmgren the Shooter (Gargoyle Hunter)               Turns: 1862, Time: 00:04:20

Health: 0/28       AC:  6    Str: 15    XL:     4   Next: 32%
Magic:  4/4        EV: 12    Int:  9    God:
Gold:   73         SH:  0    Dex: 15    Spells: 3/3 levels left

rFire   . . .        a - +0 shortbow
rCold   . . .        (shield currently unavailable)
rNeg    + . .        c - +0 leather armour
rPois   ∞            (no helmet)
rElec   +            (no cloak)
rCorr   .            (no gloves)
SInv    .            (no boots)
Will    .....        (no amulet)
Stlth   ++           (no ring)
HPRegen 0.24/turn    (no ring)
MPRegen 0.09/turn

%: no passive effects
@: no status effects
A: sickness immunity, AC +3, negative energy resistance 1, electricity
resistance, torment resistance 1, petrification resistance
a: no special abilities


You were on level 2 of the Dungeon.
You visited 1 branch of the dungeon, and saw 3 of its levels.

You collected 73 gold pieces.


Innate Abilities, Weirdness & Mutations

You are immune to sickness and miasma.
Your stone body is resilient. (AC +3)
You are immune to poison.
You resist negative energy. (rN+)
You are resistant to electric shocks. (rElec)
You are resistant to unholy torment.
You are immune to petrification.


   Skills:
 + Level 3.4 Fighting
 + Level 4.6 Ranged Weapons
 + Level 2.4 Dodging
 - Level 1.1 Stealth


You had 3 spell levels left.
You didn't know any spells.
Your spell library was empty.

Inventory:

Hand Weapons
 a - a +0 shortbow (weapon)
Missiles
 d - 19 stones
Armour
 c - a +0 leather armour (worn)
 g - a +0 cloak
   (You found it on level 1 of the Dungeon)
Jewellery
 L - a ring of flight
   (You found it on level 1 of the Dungeon)
Scrolls
 b - a scroll of butterflies
 e - a scroll of noise {unknown}
 h - a scroll of poison {unknown}
 k - a scroll of vulnerability {unknown}
Potions
 f - a potion of curing {unknown}
 i - a potion of lignification {unknown}
 j - a potion of might {unknown}

Dungeon Overview and Level Annotations

Branches:
Dungeon (3/15) Zot: 16098

Altars:

Shops:
D:1

*
#.##.###############.......~~~.#
#.##...........................#
#.######....########...........#
#.# #....# #.########### #.#
#....# #.############ #.# #....#
#.##.......... #.# #....#
#.##.#########
#.######....########)##.#
......†.....'...@ogo.##.#
#.#.####....#######o.##.#
#........#...........##.#
####.#...#)#######...##.#
####.#.###.# #...##.#
...........# #...##.###
##################...##...#
.....................####.#
####....##...######..# #.#


You could see an orc priest, 2 orcs and a hobgoblin.


Message History

No target in view!
Done exploring.
No target in view!
Done exploring.
No target in view!
Done exploring.
No target in view!
Done exploring.
No target in view!
Done exploring.
No target in view!
Done exploring.
No target in view!
Done exploring.
No target in view!
Done exploring.
No target in view!
Done exploring.
Search for what [Enter for "@", or ? for help]? @ You see here a quokka corpse.
There is a stone staircase leading down here.
You climb downwards.
The orc shouts!
The hobgoblin shouts!
The orc shouts! x3
The orc priest shouts!
There is a stone staircase leading up here.
The orc hits you with a +0 club.
You climb upwards.
There is a stone staircase leading down here.
You shoot an arrow. The arrow hits the orc.
The orc misses you.
An orc is nearby!
You shoot an arrow. The arrow hits the orc.
You kill the orc!
Done exploring.
You climb downwards.
The orc misses you. The orc priest barely misses you.
The hobgoblin closely misses you. The orc closely misses you.
The orc hits you but does no damage.
There is a stone staircase leading up here.
The orc hits you with a +0 mace. The hobgoblin misses you.
The orc priest hits you with a +0 whip. The orc hits you but does no damage.
The orc closely misses you.
You climb upwards.
There is a stone staircase leading down here. 😕 HP[-4]
You take 4 damage, and now have 24/28 hp.
You shoot an arrow. The arrow hits the orc priest.
The orc closely misses you.
The orc priest hits you but does no damage.
The orc closely misses you. The orc hits you with a +0 mace.
The hobgoblin hits you but does no damage.
There are monsters nearby!
You are too injured to fight recklessly!
There are monsters nearby! 😮 HP[-5]
You take 5 damage, and now have 19/28 hp.
You are too injured to fight recklessly!
There are monsters nearby!
You are too injured to fight recklessly!
There are monsters nearby!
You are too injured to fight recklessly!
There are monsters nearby!
You are too injured to fight recklessly!
There are monsters nearby!
You shoot an arrow. The arrow hits the orc.
The orc closely misses you.
The orc priest mumbles some strange prayers to Beogh against you.
Pain shoots through your body! The orc hits you but does no damage.
The orc closely misses you.
The hobgoblin closely misses you. 😮 HP[-2]
You take 2 damage, and now have 17/28 hp.
You shoot an arrow. The arrow hits the orc!
You kill the orc!
The orc hits you with a +0 mace.
* * * LOW HITPOINT WARNING * * *
The hobgoblin barely misses you. The orc hits you with a +0 club.
* * * LOW HITPOINT WARNING * * *
The orc priest closely misses you. The orc barely misses you.
The orc misses you.
The hobgoblin hits you but does no damage.
The orc priest closely misses you. 😨 HP[-7]
You take 7 damage, and now have 10/28 hp.
MASSIVE DAMAGE!! (PAUSE)
The hobgoblin attacks as you move away!
The hobgoblin hits you but does no damage.
The orc attacks as you move away! The orc hits you with a +0 club.
* * * LOW HITPOINT WARNING * * *
The orc priest hits you with a +0 whip.
* * * LOW HITPOINT WARNING * * *
Things that are here:
a +0 dagger; a +0 leather armour; an orc corpse 😨 HP[-2]
You take 2 damage, and now have 8/28 hp.
The orc priest attacks as you move away!
The orc priest hits you with a +0 whip.
* * * LOW HITPOINT WARNING * * *
😱 HP[-2]
You take 2 damage, and now have 6/28 hp.
Okay, then.
Okay, then.
Okay, then.
The orc attacks as you move away! The orc hits you with a +0 mace.
You die...

Skill      XL: |  1  2  3 |
---------------+----------+-----
Dodging        | 2 |  2.4
Fighting       | 3 |  3.4
Ranged Weapons | |  4.6
Stealth        | |  1.1

Action                     |  1- 3 |  4- 6 || total
---------------------------+-------+-------++-------
   Fire: Shortbow          |   128 |    36 ||   164
 Armour: Leather armour    |    25 |    10 ||    35
  Dodge: Dodged            |    41 |    27 ||    68

Levels and vault maps discovered:
D:1:      lemuel_arrival_cross, layout_basic, serial_shops, shop, st_stairs_8
D:2:      layout_basic, hellmonk_ecumenical_altar_pennies_from_heaven
D:3:      layout_rooms, nicolae_vehumet_radiance

Notes
Turn   | Place    | Note
-------+----------+-------------------------------------------
     0 | D:1      | Elmgren the Gargoyle Hunter began the quest for the Orb.
     0 | D:1      | Reached XP level 1. HP: 12/12 MP: 1/1
     0 | D:1      | magus.rc [v1.11.6]
    85 | D:1      | Reached XP level 2. HP: 17/18 MP: 2/2
   184 | D:1      | Found Ewkeiheon's General Store.
   400 | D:1      | Reached skill level 2 in Dodging
   439 | D:1      | Reached XP level 3. HP: 21/22 MP: 3/3
   532 | D:1      | Reached skill level 3 in Fighting
  1196 | D:2      | Reached XP level 4. HP: 28/28 MP: 4/4
  1233 | D:2      | Found a faded altar of an unknown god.
  1860 | D:2      | HP: 5/28 [orc priest/+0 whip (3)]
  1862 | D:2      | Slain by an orc

Vanquished Creatures
  4 dart slugs
  2 orcs (D:2)
  2 bats (D:1)
  5 endoplasms
  A giant cockroach (D:1)
  4 goblins (D:1)
  3 hobgoblins
  13 jackals
  5 kobolds
  4 quokkas
  5 ball pythons
  4 frilled lizards (D:1)
  3 rats
55 creatures vanquished.

Table legend:
 A = Non-vault XP
 B = Vault XP
 C = Vault XP percentage of total XP
 D = Non-vault monster count
 E = Vault monster count
 F = Vault count percentage of total count
                 A         B        C        D         E       F
            +---------+---------+-------+---------+---------+-------
      Total |     108 |       1 |   0.9 |      54 |       1 |   1.8
            +---------+---------+-------+---------+---------+-------
        D:1 |      62 |       1 |   1.6 |      33 |       1 |   2.9
        D:2 |      46 |       0 |   0.0 |      21 |       0 |   0.0
            +---------+---------+-------+---------+---------+-------

Skill      XL: |  1  2  3 |
---------------+----------+-----
Dodging        | 2 |  2.4
Fighting       | 3 |  3.4
Ranged Weapons | |  4.6
Stealth        | |  1.1

Action                     |  1- 3 |  4- 6 || total
---------------------------+-------+-------++-------
   Fire: Shortbow          |   128 |    36 ||   164
 Armour: Leather armour    |    25 |    10 ||    35
  Dodge: Dodged            |    41 |    27 ||    68

Illustrated notes

Table legend:
 A = Kills in this place as a percentage of kills in the entire game.
 B = Kills by you in this place as a percentage of kills by you in the entire game.
 C = Kills by friends in this place as a percentage of kills by friends in the entire game.
 D = Other kills in this place as a percentage of other kills in the entire game.
 E = Experience gained in this place as a percentage of experience gained in the entire game.
 F = Experience gained in this place divided by the number of levels of this place that you have seen.
                   A       B       C       D       E      F
               +-------+-------+-------+-------+-------+----------------------
         Total | 100.0 | 100.0 |   N/A |   N/A | 100.0 |  36.3
       Dungeon | 100.0 | 100.0 |   N/A |   N/A | 100.0 |  36.3
               +-------+-------+-------+-------+-------+----------------------

Table legend: (Time is in decaauts)
 A = Elapsed time spent in this place.
 B = Non-inter-level travel time spent in this place.
 C = Inter-level travel time spent in this place.
 D = Time resting spent in this place.
 E = Time spent auto-exploring this place.
 F = Levels seen in this place.
 G = Mean time per level.
                   A        B        C        D        E       F      G
               +--------+--------+--------+--------+--------+-----+--------+
         Total |   1902 |   1779 |    123 |      0 |   1499 |   3 |  634.0 |
       Dungeon |   1902 |   1779 |    123 |      0 |   1499 |   3 |  634.0 |
               +--------+--------+--------+--------+--------+-----+--------+

Top non-repeatable levels by time:
     D:1: 965 daAuts
     D:2: 931 daAuts
     D:3: 4 daAuts
